cohdb
Replays
Latest Replays
All Replays
Popular Replays
Top Player Replays
Match Explorer
How It Works
Community
CoH3 Stats
Reddit
Sign in to upload your games and track your stats! →
Sign in with Steam
Match 47056508
Unlisted
Match 47056508
Overview
Messages
Build Orders
End
Vickers Machine Gun Team
Construct Section Command Post
Selects Air and Sea Battlegroup
Dingo Light Scout Car
Infantry Section
Infantry Section
Infantry Section
Construct Platoon Command Post
Selects Supply Surplus
Grenade Package
Infantry Section
Royal Engineer Section
Selects Commando Section Paradrop
Selects M1 Pack Howitzer Paradrop
Construct Field Infirmary
6-pounder Anti-tank Gun Team
Commando Section Paradrop
Construct Field Infirmary
Selects Anti-tank Rocket Loiter
M1 Pack Howitzer Paradrop
Commando Section Paradrop
AI Takeover
ulT1Mate
B4R1SH
Adult Asthma Is A Choice
Cyone
Prime
raven182
余寶
旧时光
0
0
Comments
sign in to comment!
No comments posted yet!